Jets vs Bruins

Created - 25 décembre 2023 at 08:03

Goals
1 2 3 T
Jets 3 0 0 3
Bruins 1 2 1 4
Shots
1 2 3 T
Jets 6 15 8 29
Bruins 5 21 7 33

GoalsPenalties
1st period
1. Bruins , Anthony Cirelli 10 (Joel Farabee 7, Miro Heiskanen 25) at 9:01
2. Jets , Kirill Kaprizov 14 (Tomas Tatar 16, Anze Kopitar 25) at 12:40 (PP)
3. Jets , Kirill Kaprizov 15 (Anze Kopitar 26) at 12:52
4. Jets , Kevin Fiala 13 (Pierre-Luc Dubois 19, Nate Schmidt 8) at 18:45
Patrik Laine (BOS) for Diving (Minor) at 2:21
J.J. Moser (BOS) for Holding (Minor) at 5:30
Robert Thomas (BOS) for Hooking (Minor) at 12:07
Kirill Kaprizov (WPG) for Holding (Minor) at 15:35
2nd period
5. Bruins , Conor Garland 7 (Brandon Saad 17, Anthony Cirelli 21) at 8:55 (PP)
6. Bruins , Joel Farabee 7 (Anthony Cirelli 22, Ryan Graves 13) at 19:06
Kirill Kaprizov (WPG) for Holding (Minor) at 7:30
3rd period
7. Bruins , Patrik Laine 17 (Anthony Cirelli 23) at 2:01
Mark Scheifele (WPG) for Cross-checking (Minor) at 2:47
Miro Heiskanen (BOS) for Hooking (Minor) at 14:31
Goalie Stats
Tristan Jarry (WPG), 29 saves from 33 shots - (0,879), L, 23-12-8, 59:36 minutes
Ilya Sorokin (BOS), 26 saves from 29 shots - (0,897), W, 25-17-4, 60:00 minutes
3 StarsOfficial
1 - Anthony Cirelli (BOS)
2 - Joel Farabee (BOS)
3 - Patrik Laine (BOS)
Referees : Brandon Blandina and Anna Wiegand
Linesman : Kaylah Krieger and Meghan Mallette
Game Note
No Game Note
Finance
Level 1 -- Attendance: 5641 (87%) -- Ticket Income $518,972
Level 2 -- Attendance: 5085 (88%) -- Ticket Income $274,590
Level 3 -- Attendance: 3215 (59%) -- Ticket Income $93,235
Level 4 -- Attendance: 3425 (57%) -- Ticket Income $65,075
Luxury Box -- Attendance: 908 (79%) -- Ticket Income $181,600
Game was played at the FleetCenter.
Total Attendance: 18274 (73%)
Total Ticket Income: $1,133,472
Other Income: $340,042
Total Income: $1,473,514



Team Name Goals Shots Shots Attemp Shots Blocked PIM HIT PP PK FO%
Jets 3296466231 / 4 (25%)148%
Bruins 43357148221 / 3 (33%)152%

Jets
Player Name POS G A P +/- PIM HIT SHT SB MP PP MP PP SHT PK MP PK SHT FO% FOT GA TA
Anze KopitarC0220011020:493:0703:22056% 1800
Cody GlassC000-100308:240:0000:14050% 401
Connor DewarC/LW000-102209:580:0001:3000% 000
Dougie HamiltonD000-1040124:504:3000:0000% 000
Jakob ChychrunD0001010022:134:3000:0000% 001
Josh BrownD000-1020012:540:0002:0300% 000
Kevin FialaLW/RW1010006018:303:2300:00050% 221
Kirill KaprizovLW2020414017:573:0710:0000% 211
Mark ScheifeleC0000201019:283:2300:20043% 2811
Max ComtoisLW000-101007:410:0000:0000% 010
Nate SchmidtD011-1000012:540:0002:0300% 001
Nick FolignoC/LW/RW0000011013:270:0003:2610% 000
Pierre-Luc DuboisC/LW0110040118:303:2300:000100% 200
Ryan McLeodC0000011111:360:0001:30150% 400
Samuel GirardD0001013122:162:0003:2000% 000
T.J. BrodieD000-1012124:532:0003:2000% 011
Tomas TatarLW/RW0110023117:273:0700:0000% 101
Tyler BertuzziLW/RW0000012010:470:0000:2400% 000
Bruins
Player Name POS G A P +/- PIM HIT SHT SB MP PP MP PP SHT PK MP PK SHT FO% FOT GA TA
Alex WennbergC0000031012:210:0001:26057% 700
Anthony CirelliC/LW1343035019:362:0903:23063% 1900
Brandon SaadLW/RW011-2006119:562:0921:1500% 100
Conor GarlandLW/RW1010013112:532:0920:3400% 210
J.J. MoserD000120009:370:0000:0000% 001
Jared SpurgeonD0000021128:573:2203:5000% 011
Jarred TinordiD000000008:140:0001:0200% 100
Joel FarabeeLW/RW1123023214:240:0000:0000% 000
Matt BenningD000100019:300:0000:0000% 000
Matt RoyD0000011021:332:0102:4000% 000
Miro HeiskanenD0110233325:543:2211:3800% 041
Nino NiederreiterLW/RW000-2012120:113:1410:0000% 010
Ondrej PalatLW/RW000001009:340:0000:0000% 000
Patrik LaineLW/RW1013212118:043:1411:4400% 100
Robert ThomasC/RW000-2212022:533:1402:57052% 2900
Ryan GravesD0110022223:332:0103:5000% 012
Sam CarrickC/RW000001007:060:0000:000100% 100
Tommy NovakC000000219:100:0001:4100% 001

Jets

5 vs 5 Forward
Line #Left WingCenterRight WingPHYDFOFWanted %Time %Time Play
1Pierre-Luc DuboisMark ScheifeleKevin Fiala0143731%14:36
2Kirill KaprizovAnze KopitarTomas Tatar0233433%15:36
3Tyler BertuzziRyan McLeodNick Foligno1312420%9:43
4Max ComtoisCody GlassConnor Dewar032516%7:41
5 vs 5 Defense
Line #DefenseDefensePHYDFOFWanted %Time %Time Play
1Dougie HamiltonT.J. Brodie0324037%17:39
2Jakob ChychrunSamuel Girard0323439%18:29
3Josh BrownNate Schmidt0321621%9:46
4Dougie HamiltonT.J. Brodie023104%1:42
Power Play Forward
Line #Left WingCenterRight WingPHYDFOFWanted %Time %Time Play
1Pierre-Luc DuboisMark ScheifeleKevin Fiala0055552%3:23
2Kirill KaprizovAnze KopitarTomas Tatar0054548%3:07
Power Play Defense
Line #DefenseDefensePHYDFOFWanted %Time %Time Play
1Dougie HamiltonJakob Chychrun0057069%4:30
2Samuel GirardT.J. Brodie0053031%2:00
Penalty Kill 4 Players Forward
Line #CenterWingPHYDFOFWanted %Time %Time Play
1Anze KopitarNick Foligno1316072%3:53
2Ryan McLeodConnor Dewar1314028%1:30
Penalty Kill 4 Players Defense
Line #DefenseDefensePHYDFOFWanted %Time %Time Play
1Samuel GirardT.J. Brodie1316562%3:20
2Josh BrownNate Schmidt1313538%2:03
Penalty Kill 3 Players
Line #WingPHYDFOFWanted %Time %Time PlayDefenseDefensePHYDFOFWanted %Time %Time Play
1Anze Kopitar050600%0:00 Samuel GirardT.J. Brodie050600%0:00
2Ryan McLeod050400%0:00 Josh BrownNate Schmidt050400%0:00
4 vs 4 Forward
Line #CenterWingPHYDFOFWanted %Time %Time Play
1Anze KopitarKirill Kaprizov014600%0:00
2Mark ScheifelePierre-Luc Dubois014400%0:00
4 vs 4 Defense
Line #DefensePHYDFOFWanted %Time %Time Play
1Dougie HamiltonT.J. Brodie032600%0:00
2Jakob ChychrunSamuel Girard032400%0:00
Last Minutes Offensive
Left WingCenterRight WingDefenseDefense
Pierre-Luc DuboisMark ScheifeleKevin FialaDougie HamiltonT.J. Brodie
Last Minutes Defensive
Left WingCenterRight WingDefenseDefense
Connor DewarAnze KopitarNick FolignoSamuel GirardT.J. Brodie
Time
Total ForwardTotal DefenseLast Minutes OffensiveLast Minutes Defensive
60:00 60:00 0:310:00
Extra Forwards
Normal PowerPlayPenalty Kill
Kirill Kaprizov, Kevin Fiala, Mark ScheifeleMark Scheifele, Kirill KaprizovMark Scheifele
Extra Defensemen
Normal PowerPlayPenalty Kill
Dougie Hamilton, Jakob Chychrun, Samuel GirardJakob Chychrun, Nate SchmidtT.J. Brodie
Penalty Shots
Kirill Kaprizov, Mark Scheifele, Kevin Fiala, Anze Kopitar, Dougie Hamilton
Goalie
Tristan Jarry, Connor Ingram
Scratches
None

Bruins

5 vs 5 Forward
Line #Left WingCenterRight WingPHYDFOFWanted %Time %Time Play
1Brandon SaadRobert ThomasNino Niederreiter1224036%16:52
2Patrik LaineAnthony CirelliJoel Farabee1223028%13:20
3Ondrej PalatAlex WennbergConor Garland1222220%9:34
4Jarred TinordiSam CarrickTommy Novak131815%7:06
5 vs 5 Defense
Line #DefenseDefensePHYDFOFWanted %Time %Time Play
1Jared SpurgeonMiro Heiskanen1314544%20:33
2Matt RoyRyan Graves1313536%16:52
3J.J. MoserMatt Benning1402020%9:27
4Miro HeiskanenJared Spurgeon14000%0:00
Power Play Forward
Line #Left WingCenterRight WingPHYDFOFWanted %Time %Time Play
1Patrik LaineRobert ThomasNino Niederreiter0146560%3:14
2Brandon SaadAnthony CirelliConor Garland0143540%2:09
Power Play Defense
Line #DefenseDefensePHYDFOFWanted %Time %Time Play
1Jared SpurgeonMiro Heiskanen0147063%3:22
2Matt RoyRyan Graves0233037%2:01
Penalty Kill 4 Players Forward
Line #CenterWingPHYDFOFWanted %Time %Time Play
1Anthony CirelliRobert Thomas1406581%5:15
2Alex WennbergBrandon Saad1403519%1:15
Penalty Kill 4 Players Defense
Line #DefenseDefensePHYDFOFWanted %Time %Time Play
1Ryan GravesJared Spurgeon1406559%3:50
2Matt RoyMiro Heiskanen1403541%2:40
Penalty Kill 3 Players
Line #WingPHYDFOFWanted %Time %Time PlayDefenseDefensePHYDFOFWanted %Time %Time Play
1Anthony Cirelli140600%0:00 Ryan GravesJared Spurgeon140650%0:00
2Alex Wennberg140400%0:00 Matt RoyMiro Heiskanen140350%0:00
4 vs 4 Forward
Line #CenterWingPHYDFOFWanted %Time %Time Play
1Robert ThomasBrandon Saad122600%0:00
2Anthony CirelliNino Niederreiter122400%0:00
4 vs 4 Defense
Line #DefensePHYDFOFWanted %Time %Time Play
1Jared SpurgeonRyan Graves122600%0:00
2Matt RoyMiro Heiskanen131400%0:00
Last Minutes Offensive
Left WingCenterRight WingDefenseDefense
Ondrej PalatRobert ThomasNino NiederreiterJared SpurgeonMiro Heiskanen
Last Minutes Defensive
Left WingCenterRight WingDefenseDefense
Alex WennbergAnthony CirelliRobert ThomasJared SpurgeonRyan Graves
Time
Total ForwardTotal DefenseLast Minutes OffensiveLast Minutes Defensive
60:00 60:00 0:001:15
Extra Forwards
Normal PowerPlayPenalty Kill
Nino Niederreiter, Patrik Laine, Robert ThomasNino Niederreiter, Patrik LaineAnthony Cirelli
Extra Defensemen
Normal PowerPlayPenalty Kill
Jared Spurgeon, Miro Heiskanen, Ryan GravesJared Spurgeon, Jared SpurgeonRyan Graves
Penalty Shots
Jared Spurgeon, Miro Heiskanen, Conor Garland, Robert Thomas, Joel Farabee
Goalie
Ilya Sorokin, Pyotr Kochetkov
Scratches
None


Play-by-Play

1st period


0:01 of 1st period - Mark Scheifele wins face-off versus Robert Thomas in neutral zone.
0:41 of 1st period - Icing by Anze Kopitar.
0:42 of 1st period - Alex Wennberg wins face-off versus Anze Kopitar in Jets zone.
1:01 of 1st period - Wrist shot by Kirill Kaprizov.
1:01 of 1st period - Shot Misses the Net.
1:03 of 1st period - Wrist shot by Kirill Kaprizov.
1:03 of 1st period - Shot Misses the Net.
1:05 of 1st period - Snap shot by Anze Kopitar.
1:05 of 1st period - Deflect By Kirill Kaprizov.
1:05 of 1st period - Shot Blocked by Ryan Graves.
1:05 of 1st period - Puck is out of play.
1:06 of 1st period - Sam Carrick wins face-off versus Ryan McLeod in Bruins zone.
1:43 of 1st period - Snap shot by Robert Thomas.
1:43 of 1st period - Deflect By Nino Niederreiter.
1:43 of 1st period - Shot Misses the Net.
1:43 of 1st period - Puck is out of play.
1:44 of 1st period - Cody Glass wins face-off versus Anthony Cirelli in Jets zone.
1:59 of 1st period - Joel Farabee is hit by Connor Dewar and loses puck.
2:21 of 1st period - Minor Penalty to Patrik Laine for Diving.
2:22 of 1st period - Robert Thomas wins face-off versus Mark Scheifele in Bruins zone.
2:34 of 1st period - Slapshot by Mark Scheifele.
2:34 of 1st period - Shot Blocked by Ryan Graves.
2:36 of 1st period - Snap shot by Dougie Hamilton.
2:36 of 1st period - Shot Blocked by Jared Spurgeon.
2:38 of 1st period - Wrist shot by Kevin Fiala.
2:38 of 1st period - Shot Hit the Post.
2:54 of 1st period - Snap shot by Robert Thomas.
2:54 of 1st period - Shot Misses the Net.
3:40 of 1st period - Jared Spurgeon is hit by Dougie Hamilton and loses puck.
3:53 of 1st period - Dougie Hamilton is hit by Alex Wennberg and loses puck.
4:08 of 1st period - Anze Kopitar is hit by Anthony Cirelli and loses puck.
4:21 of 1st period - Penalty to Patrik Laine is over, Patrik Laine is back on ice.
4:55 of 1st period - Slapshot by Miro Heiskanen.
4:55 of 1st period - Stopped by Tristan Jarry without a rebound.
4:56 of 1st period - Mark Scheifele wins face-off versus Robert Thomas in Jets zone.
5:03 of 1st period - Slapshot by Mark Scheifele.
5:03 of 1st period - Deflect By Kevin Fiala.
5:03 of 1st period - Shot Misses the Net.
5:03 of 1st period - Puck is out of play.
5:04 of 1st period - Mark Scheifele wins face-off versus Robert Thomas in Bruins zone.
5:15 of 1st period - Snap shot by Brandon Saad.
5:15 of 1st period - Shot Blocked by Pierre-Luc Dubois.
5:21 of 1st period - Wrist shot by Kevin Fiala.
5:21 of 1st period - Shot Blocked by Brandon Saad.
5:30 of 1st period - Minor Penalty to J.J. Moser for Holding.
5:31 of 1st period - Anthony Cirelli wins face-off versus Mark Scheifele in Bruins zone.
5:59 of 1st period - Jakob Chychrun is hit by Alex Wennberg and loses puck.
7:30 of 1st period - Penalty to J.J. Moser is over, J.J. Moser is back on ice.
7:30 of 1st period - Ryan Graves is hit by Tomas Tatar and loses puck.
7:41 of 1st period - Slapshot by Jared Spurgeon.
7:41 of 1st period - Shot Misses the Net.
7:47 of 1st period - Ryan Graves is hit by Dougie Hamilton and loses puck.
8:00 of 1st period - Slapshot by Jakob Chychrun.
8:00 of 1st period - Shot Misses the Net.
8:22 of 1st period - Icing by Nate Schmidt.
8:23 of 1st period - Cody Glass wins face-off versus Anthony Cirelli in Jets zone.
8:35 of 1st period - Josh Brown is hit by Anthony Cirelli and loses puck.
8:42 of 1st period - Anthony Cirelli is hit by Josh Brown and loses puck.
8:59 of 1st period - Slapshot by Joel Farabee.
8:59 of 1st period - Shot Misses the Net.
9:01 of 1st period - Wrist shot by Anthony Cirelli.
9:01 of 1st period - Goal by Anthony Cirelli - Jets : 0 - Bruins : 1.
9:02 of 1st period - Robert Thomas wins face-off versus Anze Kopitar in neutral zone.
9:39 of 1st period - Wrist shot by Mark Scheifele.
9:39 of 1st period - Shot Misses the Net.
10:11 of 1st period - Nino Niederreiter is hit by Josh Brown and loses puck.
10:32 of 1st period - Wrist shot by Kirill Kaprizov.
10:32 of 1st period - Stopped by Ilya Sorokin with a rebound.
10:34 of 1st period - Slapshot by Josh Brown.
10:34 of 1st period - Shot Misses the Net.
10:42 of 1st period - Backhand shot by Anze Kopitar.
10:42 of 1st period - Stopped by Ilya Sorokin without a rebound.
10:43 of 1st period - Robert Thomas wins face-off versus Mark Scheifele in Bruins zone.
10:56 of 1st period - Slapshot by Robert Thomas.
10:56 of 1st period - Shot Misses the Net.
11:40 of 1st period - Slapshot by Cody Glass.
11:40 of 1st period - Shot Blocked by Patrik Laine.
11:42 of 1st period - Slapshot by Connor Dewar.
11:42 of 1st period - Shot Misses the Net.
11:44 of 1st period - Snap shot by Josh Brown.
11:44 of 1st period - Shot Blocked by Matt Benning.
12:07 of 1st period - Minor Penalty to Robert Thomas for Hooking.
12:08 of 1st period - Anthony Cirelli wins face-off versus Mark Scheifele in Bruins zone.
12:36 of 1st period - Snap shot by Anze Kopitar.
12:36 of 1st period - Shot Misses the Net.
12:38 of 1st period - Snap shot by Tomas Tatar.
12:38 of 1st period - Shot Misses the Net.
12:40 of 1st period - Snap shot by Tomas Tatar.
12:40 of 1st period - Deflect By Kirill Kaprizov.
12:40 of 1st period - Goal by Kirill Kaprizov - Jets : 1 - Bruins : 1.
12:41 of 1st period - Robert Thomas wins face-off versus Tomas Tatar in neutral zone.
12:52 of 1st period - Wrist shot by Kirill Kaprizov.
12:52 of 1st period - Goal by Kirill Kaprizov - Jets : 2 - Bruins : 1.
12:53 of 1st period - Robert Thomas wins face-off versus Mark Scheifele in neutral zone.
12:56 of 1st period - Slapshot by Miro Heiskanen.
12:56 of 1st period - Stopped by Tristan Jarry without a rebound.
12:57 of 1st period - Mark Scheifele wins face-off versus Robert Thomas in Jets zone.
13:24 of 1st period - Off-side.
13:25 of 1st period - Ryan McLeod wins face-off versus Anthony Cirelli in neutral zone.
13:52 of 1st period - Ryan McLeod is hit by Matt Roy and loses puck.
14:05 of 1st period - Backhand shot by Ryan McLeod.
14:05 of 1st period - Shot Blocked by Tommy Novak.
14:33 of 1st period - Anze Kopitar is hit by Miro Heiskanen.
15:18 of 1st period - Wrist shot by Anthony Cirelli.
15:18 of 1st period - Stopped by Tristan Jarry without a rebound.
15:19 of 1st period - Robert Thomas wins face-off versus Anze Kopitar in Jets zone.
15:35 of 1st period - Minor Penalty to Kirill Kaprizov for Holding.
15:36 of 1st period - Robert Thomas wins face-off versus Anze Kopitar in Jets zone.
15:42 of 1st period - Wrist shot by Robert Thomas.
15:42 of 1st period - Shot Misses the Net.
15:44 of 1st period - Snap shot by Patrik Laine.
15:44 of 1st period - Stopped by Tristan Jarry with a rebound.
15:46 of 1st period - Slapshot by Miro Heiskanen.
15:46 of 1st period - Shot Blocked by Samuel Girard.
15:50 of 1st period - Slapshot by Nino Niederreiter.
15:50 of 1st period - Shot Blocked by T.J. Brodie.
15:52 of 1st period - Snap shot by Patrik Laine.
15:52 of 1st period - Shot Misses the Net.
16:34 of 1st period - Backhand shot by Ryan McLeod.
16:34 of 1st period - Stopped by Ilya Sorokin without a rebound.
16:35 of 1st period - Anze Kopitar wins face-off versus Anthony Cirelli in Bruins zone.
17:35 of 1st period - Penalty to Kirill Kaprizov is over, Kirill Kaprizov is back on ice.
17:54 of 1st period - Jarred Tinordi is hit by Jakob Chychrun and loses puck.
18:43 of 1st period - Wrist shot by Kevin Fiala.
18:43 of 1st period - Shot Misses the Net.
18:45 of 1st period - Snap shot by Kevin Fiala.
18:45 of 1st period - Goal by Kevin Fiala - Jets : 3 - Bruins : 1.
18:46 of 1st period - Robert Thomas wins face-off versus Mark Scheifele in neutral zone.
19:13 of 1st period - Patrik Laine is hit by Dougie Hamilton and loses puck.
19:22 of 1st period - Snap shot by Tyler Bertuzzi.
19:22 of 1st period - Shot Hit the Post.
Goals for this period are 3 for Jets vs 1 for Bruins.
Shots for this period are 6 for Jets vs 5 for Bruins.

2nd period


0:01 of 2nd period - Robert Thomas wins face-off versus Mark Scheifele in neutral zone.
0:28 of 2nd period - Icing by T.J. Brodie.
0:29 of 2nd period - Alex Wennberg wins face-off versus Anze Kopitar in Jets zone.
0:30 of 2nd period - Snap shot by Conor Garland.
0:30 of 2nd period - Shot Misses the Net.
0:32 of 2nd period - Slapshot by Ryan Graves.
0:32 of 2nd period - Stopped by Tristan Jarry with a rebound.
0:34 of 2nd period - Slapshot by Matt Roy.
0:34 of 2nd period - Stopped by Tristan Jarry without a rebound.
0:35 of 2nd period - Pierre-Luc Dubois wins face-off versus Robert Thomas in Jets zone.
0:47 of 2nd period - Matt Roy is hit by Pierre-Luc Dubois and loses puck.
1:58 of 2nd period - Wrist shot by Cody Glass.
1:58 of 2nd period - Stopped by Ilya Sorokin without a rebound.
1:59 of 2nd period - Mark Scheifele wins face-off versus Robert Thomas in Bruins zone.
2:02 of 2nd period - Wrist shot by Kevin Fiala.
2:02 of 2nd period - Stopped by Ilya Sorokin without a rebound.
2:03 of 2nd period - Kevin Fiala wins face-off versus Brandon Saad in Bruins zone.
2:08 of 2nd period - Snap shot by Kevin Fiala.
2:08 of 2nd period - Stopped by Ilya Sorokin with a rebound.
2:42 of 2nd period - Wrist shot by Tyler Bertuzzi.
2:42 of 2nd period - Shot Blocked by Miro Heiskanen.
2:53 of 2nd period - Icing by Miro Heiskanen.
2:54 of 2nd period - Robert Thomas wins face-off versus Anze Kopitar in Bruins zone.
3:44 of 2nd period - Snap shot by Nino Niederreiter.
3:44 of 2nd period - Stopped by Tristan Jarry with a rebound.
3:46 of 2nd period - Slapshot by Jared Spurgeon.
3:46 of 2nd period - Shot Misses the Net.
3:48 of 2nd period - Slapshot by Jared Spurgeon.
3:48 of 2nd period - Shot Misses the Net.
3:50 of 2nd period - Wrist shot by Robert Thomas.
3:50 of 2nd period - Shot Misses the Net.
4:20 of 2nd period - Backhand shot by Robert Thomas.
4:20 of 2nd period - Shot Misses the Net.
4:22 of 2nd period - Slapshot by Jared Spurgeon.
4:22 of 2nd period - Stopped by Tristan Jarry without a rebound.
4:23 of 2nd period - Anthony Cirelli wins face-off versus Mark Scheifele in Jets zone.
4:24 of 2nd period - Wrist shot by Joel Farabee.
4:24 of 2nd period - Stopped by Tristan Jarry with a rebound.
4:32 of 2nd period - Wrist shot by Kevin Fiala.
4:32 of 2nd period - Stopped by Ilya Sorokin with a rebound.
4:34 of 2nd period - Slapshot by T.J. Brodie.
4:34 of 2nd period - Shot Misses the Net.
4:36 of 2nd period - Slapshot by Pierre-Luc Dubois.
4:36 of 2nd period - Shot Misses the Net.
5:24 of 2nd period - Slapshot by J.J. Moser.
5:24 of 2nd period - Shot Misses the Net.
6:00 of 2nd period - Alex Wennberg is hit by Ryan McLeod and loses puck.
6:35 of 2nd period - Icing by Alex Wennberg.
6:36 of 2nd period - Alex Wennberg wins face-off versus Cody Glass in Bruins zone.
6:45 of 2nd period - Snap shot by Max Comtois.
6:45 of 2nd period - Shot Blocked by Miro Heiskanen.
7:17 of 2nd period - Wrist shot by Tommy Novak.
7:17 of 2nd period - Shot Blocked by Tomas Tatar.
7:27 of 2nd period - Slapshot by Matt Roy.
7:27 of 2nd period - Deflect By Sam Carrick.
7:27 of 2nd period - Shot Misses the Net.
7:27 of 2nd period - Puck is out of play.
7:28 of 2nd period - Anze Kopitar wins face-off versus Anthony Cirelli in Jets zone.
7:30 of 2nd period - Minor Penalty to Kirill Kaprizov for Holding.
7:31 of 2nd period - Anze Kopitar wins face-off versus Robert Thomas in Jets zone.
7:45 of 2nd period - Slapshot by Robert Thomas.
7:45 of 2nd period - Deflect By Nino Niederreiter.
7:45 of 2nd period - Stopped by Tristan Jarry without a rebound.
7:46 of 2nd period - Robert Thomas wins face-off versus Anze Kopitar in Jets zone.
7:59 of 2nd period - Slapshot by Miro Heiskanen.
7:59 of 2nd period - Stopped by Tristan Jarry without a rebound.
8:00 of 2nd period - Anze Kopitar wins face-off versus Patrik Laine in Jets zone.
8:00 of 2nd period - Anze Kopitar is hit by Patrik Laine.
8:08 of 2nd period - Robert Thomas is hit by Anze Kopitar and loses puck.
8:23 of 2nd period - Slapshot by Anze Kopitar.
8:23 of 2nd period - Shot Blocked by Nino Niederreiter.
8:25 of 2nd period - Wrist shot by Nick Foligno.
8:25 of 2nd period - Stopped by Ilya Sorokin with a rebound.
8:35 of 2nd period - Snap shot by Patrik Laine.
8:35 of 2nd period - Deflect By Nino Niederreiter.
8:35 of 2nd period - Shot Blocked by Ryan McLeod.
8:35 of 2nd period - Puck is out of play.
8:36 of 2nd period - Anthony Cirelli wins face-off versus Ryan McLeod in Jets zone.
8:37 of 2nd period - Snap shot by Conor Garland.
8:37 of 2nd period - Shot Misses the Net.
8:39 of 2nd period - Wrist shot by Brandon Saad.
8:39 of 2nd period - Stopped by Tristan Jarry without a rebound.
8:40 of 2nd period - Anthony Cirelli wins face-off versus Anze Kopitar in Jets zone.
8:51 of 2nd period - Wrist shot by Brandon Saad.
8:51 of 2nd period - Stopped by Tristan Jarry with a rebound.
8:53 of 2nd period - Wrist shot by Conor Garland.
8:53 of 2nd period - Stopped by Tristan Jarry with a rebound.
8:55 of 2nd period - Snap shot by Conor Garland.
8:55 of 2nd period - Goal by Conor Garland - Jets : 3 - Bruins : 2.
8:56 of 2nd period - Robert Thomas wins face-off versus Mark Scheifele in neutral zone.
9:05 of 2nd period - Slapshot by Brandon Saad.
9:05 of 2nd period - Stopped by Tristan Jarry with a rebound.
9:07 of 2nd period - Snap shot by Brandon Saad.
9:07 of 2nd period - Stopped by Tristan Jarry without a rebound.
9:08 of 2nd period - Mark Scheifele wins face-off versus Robert Thomas in Jets zone.
9:23 of 2nd period - Wrist shot by Robert Thomas.
9:23 of 2nd period - Stopped by Tristan Jarry without a rebound.
9:24 of 2nd period - Anthony Cirelli wins face-off versus Kirill Kaprizov in Jets zone.
9:51 of 2nd period - Miro Heiskanen is hit by Pierre-Luc Dubois and loses puck.
10:55 of 2nd period - Off-side.
10:56 of 2nd period - Anze Kopitar wins face-off versus Jarred Tinordi in neutral zone.
11:23 of 2nd period - J.J. Moser is hit by Pierre-Luc Dubois and loses puck.
11:52 of 2nd period - Snap shot by Tyler Bertuzzi.
11:52 of 2nd period - Shot Blocked by Joel Farabee.
11:54 of 2nd period - Snap shot by Tyler Bertuzzi.
11:54 of 2nd period - Stopped by Ilya Sorokin without a rebound.
11:55 of 2nd period - Anze Kopitar wins face-off versus Alex Wennberg in Bruins zone.
11:56 of 2nd period - Wrist shot by Kirill Kaprizov.
11:56 of 2nd period - Shot Blocked by Conor Garland.
12:19 of 2nd period - Icing by Jakob Chychrun.
12:20 of 2nd period - Mark Scheifele wins face-off versus Robert Thomas in Jets zone.
12:20 of 2nd period - Mark Scheifele is hit by Ryan Graves.
13:32 of 2nd period - Snap shot by Robert Thomas.
13:32 of 2nd period - Stopped by Tristan Jarry with a rebound.
13:48 of 2nd period - Miro Heiskanen is hit by Dougie Hamilton and loses puck.
14:56 of 2nd period - Robert Thomas is hit by Kirill Kaprizov and loses puck.
15:26 of 2nd period - Snap shot by Brandon Saad.
15:26 of 2nd period - Stopped by Tristan Jarry without a rebound.
15:27 of 2nd period - Anthony Cirelli wins face-off versus Kevin Fiala in Jets zone.
15:34 of 2nd period - Snap shot by Kevin Fiala.
15:34 of 2nd period - Stopped by Ilya Sorokin with a rebound.
15:36 of 2nd period - Slapshot by Samuel Girard.
15:36 of 2nd period - Stopped by Ilya Sorokin without a rebound.
15:37 of 2nd period - Anthony Cirelli wins face-off versus Mark Scheifele in Bruins zone.
15:46 of 2nd period - Slapshot by Matt Roy.
15:46 of 2nd period - Deflect By Anthony Cirelli.
15:46 of 2nd period - Stopped by Tristan Jarry without a rebound.
15:47 of 2nd period - Anthony Cirelli wins face-off versus Mark Scheifele in Jets zone.
15:56 of 2nd period - Wrist shot by Patrik Laine.
15:56 of 2nd period - Shot Misses the Net.
15:58 of 2nd period - Wrist shot by Ryan Graves.
15:58 of 2nd period - Stopped by Tristan Jarry without a rebound.
15:59 of 2nd period - Mark Scheifele wins face-off versus Anthony Cirelli in Jets zone.
15:59 of 2nd period - Mark Scheifele is hit by Joel Farabee.
16:07 of 2nd period - Wrist shot by Samuel Girard.
16:07 of 2nd period - Stopped by Ilya Sorokin with a rebound.
16:09 of 2nd period - Slapshot by Jakob Chychrun.
16:09 of 2nd period - Shot Misses the Net.
16:11 of 2nd period - Wrist shot by Kevin Fiala.
16:11 of 2nd period - Stopped by Ilya Sorokin with a rebound.
16:13 of 2nd period - Snap shot by Samuel Girard.
16:13 of 2nd period - Stopped by Ilya Sorokin without a rebound.
16:14 of 2nd period - Anze Kopitar wins face-off versus Conor Garland in Bruins zone.
16:19 of 2nd period - Wrist shot by Tomas Tatar.
16:19 of 2nd period - Stopped by Ilya Sorokin without a rebound.
16:20 of 2nd period - Anze Kopitar wins face-off versus Alex Wennberg in Bruins zone.
16:21 of 2nd period - Snap shot by Kirill Kaprizov.
16:21 of 2nd period - Stopped by Ilya Sorokin without a rebound.
16:22 of 2nd period - Anze Kopitar wins face-off versus Conor Garland in Bruins zone.
16:23 of 2nd period - Backhand shot by Kirill Kaprizov.
16:23 of 2nd period - Shot Misses the Net.
16:25 of 2nd period - Snap shot by Tomas Tatar.
16:25 of 2nd period - Stopped by Ilya Sorokin without a rebound.
16:26 of 2nd period - Anthony Cirelli wins face-off versus Mark Scheifele in Bruins zone.
17:02 of 2nd period - Slapshot by Tomas Tatar.
17:02 of 2nd period - Stopped by Ilya Sorokin with a rebound.
18:04 of 2nd period - Samuel Girard is hit by Joel Farabee and loses puck.
18:17 of 2nd period - Jakob Chychrun is hit by Nino Niederreiter and loses puck.
19:02 of 2nd period - Snap shot by Anthony Cirelli.
19:02 of 2nd period - Stopped by Tristan Jarry with a rebound.
19:04 of 2nd period - Wrist shot by Anthony Cirelli.
19:04 of 2nd period - Shot Blocked by Dougie Hamilton.
19:06 of 2nd period - Snap shot by Joel Farabee.
19:06 of 2nd period - Goal by Joel Farabee - Jets : 3 - Bruins : 3.
19:07 of 2nd period - Mark Scheifele wins face-off versus Robert Thomas in neutral zone.
19:24 of 2nd period - Slapshot by Brandon Saad.
19:24 of 2nd period - Stopped by Tristan Jarry with a rebound.
Goals for this period are 0 for Jets vs 2 for Bruins.
Shots for this period are 15 for Jets vs 21 for Bruins.

3rd period


0:01 of 3rd period - Robert Thomas wins face-off versus Mark Scheifele in neutral zone.
0:50 of 3rd period - Alex Wennberg is hit by Tyler Bertuzzi and loses puck.
1:17 of 3rd period - Matt Roy is hit by Max Comtois and loses puck.
1:22 of 3rd period - Wrist shot by Connor Dewar.
1:22 of 3rd period - Stopped by Ilya Sorokin with a rebound.
1:42 of 3rd period - Snap shot by Brandon Saad.
1:42 of 3rd period - Shot Misses the Net.
1:56 of 3rd period - Samuel Girard is hit by Anthony Cirelli and loses puck.
2:01 of 3rd period - Slapshot by Patrik Laine.
2:01 of 3rd period - Goal by Patrik Laine - Jets : 3 - Bruins : 4.
2:02 of 3rd period - Pierre-Luc Dubois wins face-off versus Robert Thomas in neutral zone.
2:08 of 3rd period - Off-side.
2:09 of 3rd period - Mark Scheifele wins face-off versus Robert Thomas in neutral zone.
2:47 of 3rd period - Minor Penalty to Mark Scheifele for Cross-checking.
2:48 of 3rd period - Anze Kopitar wins face-off versus Robert Thomas in Jets zone.
2:59 of 3rd period - Wrist shot by Anze Kopitar.
2:59 of 3rd period - Shot Misses the Net.
3:23 of 3rd period - Connor Dewar is hit by Robert Thomas and loses puck.
4:01 of 3rd period - Icing by Ryan Graves.
4:02 of 3rd period - Robert Thomas wins face-off versus Cody Glass in Bruins zone.
4:47 of 3rd period - Penalty to Mark Scheifele is over, Mark Scheifele is back on ice.
5:03 of 3rd period - Snap shot by Mark Scheifele.
5:03 of 3rd period - Shot Misses the Net.
5:29 of 3rd period - Anthony Cirelli is hit by Tomas Tatar and loses puck.
6:00 of 3rd period - Snap shot by Alex Wennberg.
6:00 of 3rd period - Shot Misses the Net.
6:02 of 3rd period - Snap shot by Alex Wennberg.
6:02 of 3rd period - Stopped by Tristan Jarry without a rebound.
6:03 of 3rd period - Alex Wennberg wins face-off versus Kirill Kaprizov in Jets zone.
6:14 of 3rd period - Slapshot by T.J. Brodie.
6:14 of 3rd period - Stopped by Ilya Sorokin with a rebound.
7:02 of 3rd period - Anthony Cirelli is hit by Samuel Girard and loses puck.
7:15 of 3rd period - Snap shot by Cody Glass.
7:15 of 3rd period - Stopped by Ilya Sorokin with a rebound.
7:17 of 3rd period - Snap shot by Samuel Girard.
7:17 of 3rd period - Shot Blocked by Joel Farabee.
7:19 of 3rd period - Slapshot by Cody Glass.
7:19 of 3rd period - Stopped by Ilya Sorokin with a rebound.
7:21 of 3rd period - Snap shot by Connor Dewar.
7:21 of 3rd period - Stopped by Ilya Sorokin without a rebound.
7:22 of 3rd period - Robert Thomas wins face-off versus Mark Scheifele in Bruins zone.
7:48 of 3rd period - Kirill Kaprizov is hit by Sam Carrick and loses puck.
7:59 of 3rd period - Slapshot by T.J. Brodie.
7:59 of 3rd period - Stopped by Ilya Sorokin with a rebound.
8:11 of 3rd period - Tommy Novak is hit by Connor Dewar.
9:04 of 3rd period - Backhand shot by Tommy Novak.
9:04 of 3rd period - Stopped by Tristan Jarry with a rebound.
9:06 of 3rd period - Wrist shot by Tommy Novak.
9:06 of 3rd period - Stopped by Tristan Jarry without a rebound.
9:07 of 3rd period - Mark Scheifele wins face-off versus Robert Thomas in Jets zone.
9:34 of 3rd period - Anthony Cirelli is hit by T.J. Brodie and loses puck.
11:17 of 3rd period - Nino Niederreiter is hit by Pierre-Luc Dubois and loses puck.
11:42 of 3rd period - Ondrej Palat is hit by Nick Foligno and loses puck.
12:08 of 3rd period - Dougie Hamilton is hit by Jared Spurgeon and loses puck.
12:25 of 3rd period - T.J. Brodie is hit by Miro Heiskanen and loses puck.
12:46 of 3rd period - Tyler Bertuzzi is hit by Ryan Graves and loses puck.
12:59 of 3rd period - Connor Dewar is hit by Jared Spurgeon and loses puck.
13:14 of 3rd period - Wrist shot by Anze Kopitar.
13:14 of 3rd period - Shot Misses the Net.
13:35 of 3rd period - Snap shot by Joel Farabee.
13:35 of 3rd period - Stopped by Tristan Jarry with a rebound.
13:53 of 3rd period - Wrist shot by Conor Garland.
13:53 of 3rd period - Deflect By Ryan McLeod.
13:53 of 3rd period - Stopped by Tristan Jarry without a rebound.
13:54 of 3rd period - Ryan McLeod wins face-off versus Alex Wennberg in Jets zone.
13:54 of 3rd period - Ryan McLeod is hit by Conor Garland.
14:02 of 3rd period - Snap shot by Ryan McLeod.
14:02 of 3rd period - Shot Misses the Net.
14:04 of 3rd period - Slapshot by Dougie Hamilton.
14:04 of 3rd period - Shot Blocked by Miro Heiskanen.
14:26 of 3rd period - Snap shot by Ryan McLeod.
14:26 of 3rd period - Deflect By Tyler Bertuzzi.
14:26 of 3rd period - Stopped by Ilya Sorokin with a rebound.
14:31 of 3rd period - Minor Penalty to Miro Heiskanen for Hooking.
14:32 of 3rd period - Anthony Cirelli wins face-off versus Mark Scheifele in Bruins zone.
16:31 of 3rd period - Penalty to Miro Heiskanen is over, Miro Heiskanen is back on ice.
17:10 of 3rd period - Max Comtois is hit by Ondrej Palat and loses puck.
18:29 of 3rd period - Jakob Chychrun is hit by Miro Heiskanen and loses puck.
19:17 of 3rd period - Tomas Tatar is hit by Alex Wennberg and loses puck.
19:28 of 3rd period - Snap shot by Anthony Cirelli.
19:28 of 3rd period - Stopped by Tristan Jarry without a rebound.
19:29 of 3rd period - Rick Bowness call a timeout for Jets.
19:29 of 3rd period - Mark Scheifele wins face-off versus Anthony Cirelli in Jets zone.
19:36 of 3rd period - Jets, Tristan Jarry is pulled from the net.
19:38 of 3rd period - Wrist shot by Kevin Fiala.
19:38 of 3rd period - Shot Misses the Net.
19:40 of 3rd period - Snap shot by Mark Scheifele.
19:40 of 3rd period - Stopped by Ilya Sorokin without a rebound.
19:41 of 3rd period - Anthony Cirelli wins face-off versus Mark Scheifele in Bruins zone.
Goals for this period are 0 for Jets vs 1 for Bruins.
Shots for this period are 8 for Jets vs 7 for Bruins.